cohdb
Replays
Latest Replays
All Replays
Popular Replays
Top Player Replays
Match Explorer
How It Works
Community
CoH3 Stats
Reddit
Sign in to upload your games and track your stats! →
Sign in with Steam
Mal verlierst du, mal gewinnen die Anderen!
Match 26088137
Overview
Messages
Build Orders
End
Selects Armored Battlegroup
Selects Assault Engineers
Assault Engineer Squad
Assault Engineer Squad
Assault Engineer Squad
Assault Engineer Squad
Construct Weapon Support Center
Mechanized Support Center
Selects Fast Deploy
M16 Multiple Gun Motor Carriage
M1919 Machine Gun Team
Designate Forward Repair Station
Construct Motor Pool
Selects M31 Recovery Vehicle
M8 Greyhound Armored Car
M1919 Machine Gun Team
Selects War Machine
Construct Tank Depot
M1919 Machine Gun Team
Selects Seek and Destroy
Selects UNKNOWN (2160077)
M4A3E8 Sherman Easy Eight
M24 Chaffee Light Tank
Bazooka Squad
Construct Medical Station
M1 Anti-tank Gun Team
M24 Chaffee Light Tank
Assault Engineer Squad
Assault Engineer Squad
Sniper
M4A3E8 Sherman Easy Eight
M1 Anti-tank Gun Team
lattouf
FLOKL
0
0
Comments
sign in to comment!
No comments posted yet!